 Dungeon Crawl Stone Soup version 0.30-a0-12-gd8047c6341 (webtiles) character file.

Game seed: 9147405267047522838

3 Newt the Ducker (level 1, -2/16 HPs)
             Began as a Demonspawn Gladiator on Aug 23, 2022.
             Frozen to death by an endoplasm (3 damage)
             ... on level 1 of the Dungeon.
             The game lasted 00:00:15 (34 turns).

Newt the Ducker (Demonspawn Gladiator)                Turns: 34, Time: 00:00:17

Health: -2/16      AC:  4    Str: 14    XL:     1   Next: 41%
Magic:  1/1        EV: 12    Int:  9    God:
Gold:   12         SH:  0    Dex: 14    Spells: 0/0 levels left

rFire   . . .      SeeInvis .    a - +0 rapier
rCold   . . .      Faith    .    (no shield)
rNeg    . . .      Spirit   .    b - +0 leather armour
rPois   .          Reflect  .    c - +0 helmet
rElec   .          Harm     .    (no cloak)
rCorr   .          Rampage  .    (no gloves)
Will    .....                    (no boots)
Stlth   +.........               (no amulet)
HPRegen 0.05/turn                (no ring)
MPRegen 0.07/turn                (no ring)

@: no status effects
A: no striking features
a: no special abilities


You were on level 1 of the Dungeon.
You visited 1 branch of the dungeon, and saw 1 of its levels.

You collected 12 gold pieces.

Inventory:

Hand Weapons
 a - a +0 rapier (weapon)
Missiles
 d - 3 throwing nets (quivered)
 e - a javelin
Armour
 b - a +0 leather armour (worn)
 c - a +0 helmet (worn)


   Skills:
 * Level 2.2 Fighting
 - Level 2.6 Short Blades
 - Level 1.7 Throwing
 - Level 2.6 Dodging
 + Level 0.3 Stealth


You couldn't memorise any spells.
You didn't know any spells.
Your spell library was empty.

Dungeon Overview and Level Annotations

Branches:
Dungeon (1/15)

Altars:


Message History

The kobold barely misses you.
You closely miss the goblin. The goblin misses you.
The kobold hits you with a +0 short sword.
You hit the kobold but do no damage.
The kobold is severely wounded.
The goblin hits you with a +0 dagger. The kobold hits you but does no damage.
You closely miss the kobold.
The kobold is severely wounded.
The goblin hits you but does no damage. The kobold hits you but does no damage.
You barely miss the kobold.
The kobold is severely wounded.
The goblin misses you. The endoplasm freezes you.
You are frozen.
The kobold hits you but does no damage.
You completely miss the kobold.
The kobold is severely wounded.
The goblin closely misses you. The kobold closely misses you.
The endoplasm freezes you.
You are frozen.
The kobold attacks as you move away! The kobold closely misses you.
The endoplasm attacks as you move away! The endoplasm barely misses you.
You hit the goblin.
The goblin is severely wounded.
The goblin hits you but does no damage.
You hit the goblin.
You kill the goblin!
The endoplasm freezes you.
You are frozen.
You closely miss the kobold. You punch the kobold, but do no damage.
The kobold is severely wounded.
The kobold hits you but does no damage. The endoplasm hits you.
* * * LOW HITPOINT WARNING * * *
Unknown command.
You barely miss the kobold.
The kobold is severely wounded.
The kobold hits you with a +0 short sword.
* * * LOW HITPOINT WARNING * * *
The endoplasm freezes you.
You are frozen.
You die...

........#
........#
........######
..>..........
...........###
...>.......?...
#....†.##.... .
####..#..... ..
#.@K........
...##..J........
..........++++++
..........+....+
....##.....+....+
######.....+.<..+
#......+....+
#......++'+++..#
#.#.##........#


You could see an endoplasm and a kobold.

Vanquished Creatures
  An endoplasm (D:1)
  A goblin (D:1)
  A ball python (D:1)
3 creatures vanquished.

Notes
Turn   | Place    | Note
-------+----------+-------------------------------------------
     0 | D:1      | Newt the Demonspawn Gladiator began the quest for the Orb.
     0 | D:1      | Reached XP level 1. HP: 16/16 MP: 1/1
    34 | D:1      | Frozen to death by an endoplasm

Illustrated notes

Levels and vault maps discovered:
D:1:      lightli_arrival_maybe_door_vault, layout_rooms

Action                   || total
-------------------------++-------
Melee: Rapier            ||    16
       Punch             ||     1
Armor: Leather armour    ||     6
Dodge: Dodged            ||    14

Table legend: (Time is in decaauts)
 A = Elapsed time spent in this place.
 B = Non-inter-level travel time spent in this place.
 C = Inter-level travel time spent in this place.
 D = Time resting spent in this place.
 E = Time spent auto-exploring this place.
 F = Levels seen in this place.
 G = Mean time per level.
                   A        B        C        D        E       F      G
               +--------+--------+--------+--------+--------+-----+--------+
         Total |     34 |     34 |      0 |      0 |     13 |   1 |   34.0 |
       Dungeon |     34 |     34 |      0 |      0 |     13 |   1 |   34.0 |
               +--------+--------+--------+--------+--------+-----+--------+

Top non-repeatable levels by time:
     D:1: 34 daAuts
